Unix NetHack Version 5.0.0-0 post-release - last build May  4 2026 22:22:43 (774f63e81ad911689b3a0859ea89b322d5daca8d,branch:main).

Game began 2026-05-06 09:15:39, ended 2026-05-06 09:46:35.

2460080212, lawful female human Valkyrie

                                      ----
                                      .... `d )############
                                     ....                 ######
                                     ..              |...|     #---------
                                     |               |....#    #.......`|
                        ##############           ####..[.|#     |....%..|
                         ######---.-#          ###   |..  #     |._.....|
                         ####---...-.-         #          #     +.".....|
                         #   |.......|         #          #     ------.--
                         #  --.......--        #          #         ###
               ----------#  |....|....-##      #          #        ##
               |........|#  |.........| ##-----#          #   ###%?#
               |......{.|#  |.........|  #....|#          #  -.------
               |........|#  --.......-- ##|....#          ###..)?...|
               |..<......#   |.......|   #...*|              |......|
               |........|    ---...---    |..(|              |......|
               |........|      -----      -----              --------
               ----------

2460080212 the Werejackal   St:17 Dx:18 Co:17 In:9 Wi:7 Ch:8  Lawful
Dlvl:4  $:93 HP:9(9) Pw:4(4) AC:7  HD:2 T:2359  Fainting

Latest messages:
 Adri's ghost touches you!
 You regain consciousness.
 You faint from lack of food.
 Adri's ghost touches you!
 Adri's ghost touches you!
 Adri's ghost touches you!
 Adri's ghost touches you!
 Adri's ghost touches you!
 Adri's ghost touches you!
 You regain consciousness.
 You faint from lack of food.
 Adri's ghost touches you!
 Adri's ghost touches you!
 Adri's ghost touches you!
 You regain consciousness.
 You miss Adri's ghost.
 You faint from lack of food.
 Adri's ghost touches you!
 Adri's ghost touches you!
 Adri's ghost touches you!
 Adri's ghost touches you!
 Adri's ghost touches you!
 Adri's ghost touches you!
 You regain consciousness.
 You miss Adri's ghost.
 You miss Adri's ghost.
 You faint from lack of food.
 Adri's ghost touches you!
 Adri's ghost touches you!
 Adri's ghost touches you!
 Adri's ghost touches you!
 Adri's ghost touches you!
 You regain consciousness.
 You faint from lack of food.
 Adri's ghost touches you!
 Adri's ghost touches you!
 Adri's ghost touches you!
 Adri's ghost touches you!
 Adri's ghost touches you!
 Adri's ghost touches you!
 Adri's ghost touches you!
 Adri's ghost touches you!
 Adri's ghost touches you!
 You regain consciousness.
 Really quit without saving? [yn] (n) y
 Do you want your possessions identified? [ynq] (y) n
 Do you want to see your attributes? [ynq] (y) n
 Do you want an account of creatures vanquished? [ynaq] (y) n
 Do you want to see your conduct and achievements? [ynq] (y) n
 Do you want to see the dungeon overview? [ynq] (y) n

Inventory:
 Coins    ('$')
  $ - 93 gold pieces

2460080212 the Valkyrie's attributes:

Background:
 You were in female werejackal form.
 You were actually a Skirmisher, a level 3 human Valkyrie.
 You were lawful, nominally on a mission for Tyr
 who was opposed by Odin (neutral) and Loki (chaotic).
 You were normally right-handed.
 You were in the Dungeons of Doom, on level 4.
 You entered the dungeon 2359 turns ago.

Basics:
 You had all 9 hit points.
 You had all 4 energy points (spell power).
 You had 2 hit dice.
 Your armor class was 7.
 Your wallet contained 93 zorkmids.
 Autopickup was off.

Final Characteristics:
 Your strength was 17.
 Your dexterity was 18.
 Your constitution was 17.
 Your intelligence was 9.
 Your wisdom was 7.
 Your charisma was 8.

Final Status:
 You were transformed.
 You were fainting due to starvation.
 You were unencumbered.
 You weren't wielding anything.
 You were unskilled in bare handed combat.
 You weren't wearing any armor.

Final Attributes:
 You were devoutly aligned.
 You were cold resistant.
 You were poison resistant.
 You were level-drain resistant.
 You were stealthy.
 You regenerated.
 You were a werejackal in beast form.
 You were harmed by silver.
 You survived.

Miscellaneous:
 You didn't encounter any bones levels.
 Total elapsed playing time was 30 minutes and 55 seconds.

Major events:
 Turn
    1: 2460080212 the lawful human Valkyrie entered the dungeon
  815: attained the rank of Skirmisher (level 3)
 2359: quit

You didn't know any spells.

Skills:
 Fighting Skills
   bare handed combat [Unskilled]
   two weapon combat  [Unskilled]
   riding             [Unskilled]
 Weapon Skills
   dagger             [Basic]
   axe                [Unskilled]
   pick-axe           [Unskilled]
   short sword        [Unskilled]
   broadsword         [Unskilled]
   long sword         [Unskilled]
   two-handed sword   [Unskilled]
   saber              [Unskilled]
   hammer             [Unskilled]
   quarterstaff       [Unskilled]
   polearms           [Unskilled]
   spear              [Basic]
   trident            [Unskilled]
   lance              [Unskilled]
   sling              [Unskilled]
 Spellcasting Skills
   attack spells      [Unskilled]
   escape spells      [Unskilled]

Voluntary challenges:
 Character rerolling was not enabled.
 You were an atheist.
 You were illiterate.
 You never genocided any monsters.
 You never polymorphed an object.
 You used no wishes.
Achievement:
 You attained the rank of Skirmisher.

 The Dungeons of Doom: levels 1 to 4
    Level 1:
       An altar, a fountain, a grave.
    Level 2:
       A fountain.
    Level 3:
       An altar to Tyr, a fountain.
    Level 4: <- You were here.
       An altar, a fountain, a grave.


Vanquished creatures:
  a kitten
  a werejackal
 an iguana
 an acid blob
  a gas spore
  a yellow mold
  a gnome zombie
  4 geckos
  a fox
  a kobold
  2 goblins
  3 grid bugs
  2 kobold zombies
  2 newts
22 creatures vanquished.

No species were genocided or became extinct.

Farvel 2460080212 the Valkyrie...

You quit in The Dungeons of Doom on dungeon level 4 with 509 points,
and 93 pieces of gold, after 2359 moves.
You were level 3 with a maximum of 29 hit points when you quit.

